Map: Proxima Station LE

Players

TestingThree (Legho)

  • Race: Zerg Zerg
  • Spawn Location: 1:00

Sevnin - Winner!

  • Race: Protoss Protoss
  • Spawn Location: 7:00

Event: IEM XI Katowice - World Championship 2017

VOD

Have the link to the VOD?

Description

Time

  • Played on: Feb. 27, 2017, 9:09 a.m.
  • Length: 7:54

All games in this series

Show
View Real Time Build Order
Export as new Build Order

TestingThree Zerg 

Build Orders: Hatch First 

Get SALT Encoding   

  12  0:00  Drone  
  13  0:13  Overlord  
  13  0:17  Drone  
  14  0:31  Drone x2  
  17  0:35  Drone  
  17  0:53  Hatchery  
  16  0:57  Drone  
  16  0:59  Extractor  
  16  1:00  Drone  
  17  1:10  Drone  
  18  1:22  Spawning Pool  
  18  1:24  Drone  
  18  1:30  Drone  
  19  1:40  Drone  
  20  1:50  Overlord  
  20  2:09  Zergling x4  
  20  2:10  Queen x2  
  26  2:15  Metabolic Boost  
  26  2:19  Drone  
  26  2:22  Drone  
  28  2:34  Drone x2  
  28  2:35  Drone  
  31  2:38  Overlord  
  31  2:50  Queen  
  33  2:54  Zergling x4  
  34  2:59  Drone x2  
  36  3:08  Zergling x2  
  36  3:15  Pneumatized Carapace  
  36  3:17  Overlord  
  36  3:24  Zergling x2  
  36  3:26  Queen, Baneling Nest  
  38  3:36  Drone x2  
  40  3:46  Hatchery  
  39  3:53  Overlord, Drone x2  
  39  3:54  Drone  
  42  4:05  Overlord  
  42  4:08  Drone x4  
  46  4:10  Drone  
  47  4:28  Roach Warren  
  46  4:36  Overlord  
  46  4:40  Zergling x8  
  46  4:42  Drone x5  
  55  4:59  Drone x4  
  58  5:03  Baneling x5  
  58  5:06  Queen  
  60  5:08  Lair  
  60  5:14  Extractor  
  53  5:26  Spore Crawler  
  53  5:28  Spore Crawler  
  51  5:30  Spore Crawler  
  51  5:33  Zergling x6  
  51  5:34  Roach x7  
  67  5:41  Spine Crawler  
  66  5:48  Drone x5  
  71  6:00  Roach x2  
  71  6:01  Roach x2  
  73  6:12  Roach  
  73  6:13  Roach x3  
  77  6:22  Drone x5  
  82  6:29  Overlord  
  82  6:35  Queen  
  81  6:43  Overlord x3  
  81  6:45  Spore Crawler  
  80  6:52  Zergling x4  
  80  6:53  Zergling x4  
  84  7:22  Overlord  
  84  7:23  Spore Crawler  
  84  7:24  Drone x9  
  84  7:25  Drone x2  
Show
View Real Time Build Order
Export as new Build Order

Sevnin Protoss - Winner!

Build Orders: 1 Gate Expand, Zealot Archon, Dark Templar Rush 

Get SALT Encoding   

  12  0:00  Probe (Chrono Boost)  
  13  0:11  Probe (Chrono Boost)  
  14  0:18  Pylon  
  14  0:22  Probe (Chrono Boost)  
  15  0:36  Probe (Chrono Boost)  
  15  0:38  Gateway  
  16  0:46  Probe (Chrono Boost)  
  16  0:48  Assimilator  
  18  0:57  Probe (Chrono Boost)  
  18  1:07  Probe (Chrono Boost)  
  19  1:24  Nexus  
  19  1:27  Probe (Chrono Boost)  
  20  1:41  Cybernetics Core  
  20  1:43  Probe (Chrono Boost)  
  21  1:47  Assimilator  
  21  1:54  Probe (Chrono Boost)  
  22  1:56  Pylon  
  22  2:04  Probe (Chrono Boost)  
  23  2:13  Warp Gate  
  23  2:14  Adept  
  24  2:16  Probe (Chrono Boost)  
  26  2:28  Probe (Chrono Boost)  
  29  2:37  Mothership Core (Chrono Boost)  
  29  2:39  Probe (Chrono Boost)  
  29  2:41  Adept  
  32  2:50  Twilight Council, Probe (Chrono Boost)  
  33  2:55  Probe (Chrono Boost)  
  34  3:00  Probe (Chrono Boost)  
  35  3:06  Probe (Chrono Boost)  
  35  3:11  Probe (Chrono Boost)  
  37  3:16  Probe (Chrono Boost), Robotics Facility  
  38  3:21  Probe (Chrono Boost)  
  40  3:27  Probe (Chrono Boost)  
  40  3:30  Adept  
  40  3:33  Probe (Chrono Boost)  
  43  3:39  Probe (Chrono Boost)  
  43  3:41  Dark Shrine  
  44  3:45  Probe (Chrono Boost)  
  43  3:51  Probe (Chrono Boost), Gateway  
  43  3:54  Gateway  
  46  4:03  Warp Prism  
  46  4:05  Gateway  
  46  4:11  Pylon  
  46  4:17  Assimilator  
  46  4:21  Assimilator  
  46  4:30  Pylon  
  46  4:31  Probe x2 (Chrono Boost)  
  48  4:33  Pylon  
  48  4:42  Probe x2 (Chrono Boost)  
  50  4:52  Probe x2 (Chrono Boost)  
  52  4:55  Forge  
  52  5:02  Dark Templar x3  
  52  5:03  Probe x2 (Chrono Boost)  
  60  5:13  Probe (Chrono Boost)  
  61  5:15  Protoss Ground Weapons Level 1  
  61  5:16  Nexus  
  61  5:18  Pylon  
  61  5:27  Immortal  
  61  5:28  Resonating Glaives  
  61  5:33  Archon  
  61  5:35  Dark Templar  
  67  5:39  Archon  
  67  5:43  Gateway  
  67  5:45  Gateway  
  67  6:01  Immortal  
  67  6:03  Gateway  
  67  6:04  Gateway  
  71  6:15  Sentry x3  
  77  6:23  Pylon  
  77  6:24  Pylon  
  77  6:25  Pylon  
  77  6:27  Pylon  
  77  6:29  Pylon  
  77  6:30  Sentry  
  79  6:48  Sentry x3  
  85  7:07  Adept  
  87  7:08  Adept x4  
  95  7:22  Pylon, Probe (Chrono Boost)  
  98  7:23  Probe x2 (Chrono Boost)  
  98  7:26  Adept x3  
  104  7:30  Adept  
  104  7:31  Adept x4  
  104  7:32  Probe (Chrono Boost)  
  104  7:35  Probe x2 (Chrono Boost)  
  117  7:43  Probe (Chrono Boost)  

Tags
 
Add a new tag
Caveats
  • Supply blocks, unpowered buildings, or Contaminate may cause inaccurate times.
  • Supply counts are checked every 10 seconds.